 Dungeon Crawl Stone Soup version 0.27.1-34-g3ba077fa99 (webtiles) character file.

Game seed: 17084810973545485276

87 cbfl8 the Skirmisher (level 4, -1/41 HPs)
             Began as a Minotaur Wanderer on Jan 19, 2022.
             Slain by a gnoll (9 damage)
             ... on level 3 of the Dungeon.
             The game lasted 00:03:37 (2098 turns).

cbfl8 the Skirmisher (Minotaur Wanderer)            Turns: 2098, Time: 00:03:38

Health: -1/41      AC:  5    Str: 15    XL:     4   Next: 28%
Magic:  3/3        EV: 10    Int: 11    God:
Gold:   75         SH:  0    Dex: 10    Spells: 3/3 levels left

rFire    . . .     SeeInvis .   n - +2 whip (venom)
rCold    . . .     Faith    .   (no shield)
rNeg     . . .     Spirit   .   c - +0 ring mail
rPois    .         Reflect  .   (helmet restricted)
rElec    .         Harm     .   (no cloak)
rCorr    .         Rampage  .   (no gloves)
Will     .....                  (no boots)
Stlth    +.........             o - amulet of regeneration
HPRegen  1.13/turn              (no ring)
MPRegen  0.08/turn              (no ring)

@: no status effects
A: horns 2, retaliatory headbutt
a: no special abilities


You were on level 3 of the Dungeon.
You visited 1 branch of the dungeon, and saw 3 of its levels.

You collected 75 gold pieces.

Inventory:

Hand Weapons
 a - a +2 spear
 d - a +0 dagger
 n - a +2 whip of venom (weapon)
Armour
 c - a +0 ring mail (worn)
 h - a +0 plate armour
Jewellery
 o - an amulet of regeneration (around neck)
Scrolls
 b - a scroll of teleportation
 g - a scroll of summoning {unknown}
 i - 3 scrolls of magic mapping {unknown}
 k - 2 scrolls of fear {unknown}
 l - 3 scrolls of identify {unknown}
Potions
 e - a potion of degeneration {unknown}
 f - a potion of magic {unknown}
 j - a potion of heal wounds {unknown}
 m - a potion of attraction {unknown}
 p - a potion of brilliance {unknown}
 q - a potion of flight {unknown}


   Skills:
 + Level 4.4 Fighting
 + Level 0.3 Maces & Flails
 + Level 1.5 Polearms
 + Level 1.0 Throwing
 + Level 3.6 Armour
 + Level 0.7 Dodging
 + Level 3.0 Stealth
 + Level 1.2 Shields


You had 3 spell levels left.
You didn't know any spells.
Your spell library was empty.

Dungeon Overview and Level Annotations

Branches:
Dungeon (3/15)

Altars:
Vehumet


Innate Abilities, Weirdness & Mutations

You have a pair of horns on your head.
You reflexively headbutt those who attack you in melee.


Message History

You see here an adder skeleton.
There is a stone staircase leading down here.
Done exploring.
Done exploring.
You see here a +0 club.
There is an escape hatch in the floor here.
You slide downwards.
The hatch slams shut behind you.
Found a stone staircase leading down.
An orc comes into view. It is wielding a +0 club.
The orc shouts!
A gnoll comes into view. It is wielding a +0 flail.
A gnoll comes into view. It is wielding a +0 flail.
The gnoll shouts!
The orc barely misses you. You furiously retaliate!
You headbutt the orc!
You kill the orc!
Things that are here:
a +0 club; an orc corpse An orc comes into view.
It is wielding a +0 dagger.
A gnoll comes into view. It is wielding a +0 flail.
The gnoll shouts!
The orc shouts!
A gnoll comes into view. It is wielding a +0 flail.
The gnoll hits you with a +0 flail. The gnoll hits you with a +0 flail!
A goblin comes into view. It is wielding a +0 club.
The gnoll closely misses you.
The gnoll shouts!
The goblin shouts!
The gnoll closely misses you. The gnoll misses you. The orc closely misses you.
You closely miss the orc. The gnoll hits you but does no damage.
The gnoll closely misses you. You furiously retaliate!
You headbutt the gnoll. The gnoll hits you with a +0 flail.
The orc hits you but does no damage.
You hit the orc.
The orc is heavily wounded.
The gnoll misses you. The gnoll hits you but does no damage.
The gnoll hits you with a +0 flail. The orc closely misses you.
The gnoll hits you with a +0 flail.
You hit the orc.
You kill the orc!
The gnoll hits you with a +0 flail. x2; The gnoll hits you with a +0 flail!
* * * LOW HITPOINT WARNING * * *
The gnoll hits you with a +0 flail!
You die...

##.######
#.......#
#.......##
#.........
#.........
###..g......
#..g........
#..g@g......
#.g.#.......
#)..#.......
#...#.......
#...#.......
#...#######.
#...# #...#
#...#


You could see 4 gnolls and a goblin.

Vanquished Creatures
  4 adders (D:2)
  A worm (D:2)
  2 dart slugs (D:2)
  2 orcs (D:3)
  7 endoplasms
  2 giant cockroaches
  2 goblins (D:2)
  2 hobgoblins
  2 jackals (D:1)
  2 quokkas (D:2)
  2 ball pythons (D:1)
  2 bats
  5 frilled lizards
  5 kobolds
  4 rats
44 creatures vanquished.

Notes
Turn   | Place    | Note
-------+----------+-------------------------------------------
     0 | D:1      | cbfl8 the Minotaur Wanderer began the quest for the Orb.
     0 | D:1      | cbfl8 set off with the following items: a +2 spear, a
                  | scroll of teleportation, a +0 ring mail, a +0 dagger
     0 | D:1      | Reached XP level 1. HP: 19/19 MP: 0/0
   415 | D:1      | Reached skill level 4 in Fighting
   415 | D:1      | Reached XP level 2. HP: 24/27 MP: 1/1
   535 | D:1      | Reached skill level 1 in Polearms
   743 | D:1      | Found a faded altar of an unknown god.
  1345 | D:2      | Found a radiant altar of Vehumet.
  1376 | D:2      | Reached XP level 3. HP: 33/33 MP: 2/2
  1727 | D:2      | Reached XP level 4. HP: 41/41 MP: 3/3
  2098 | D:3      | Slain by a gnoll

Illustrated notes

Levels and vault maps discovered:
D:1:      shiori_shiawase, layout_rooms, dilly_ecumenical_altar_fadedgnrine
D:2:      minmay_skewed_foursquare, layout_rooms, basic_altar,
          minmay_misc_feat_ornament
D:3:      cheibrodos_fertilizer, layout_basic, serial_shops,
          nicolae_shop_crystal, nicolae_lakefront_shop,
          nicolae_shop_competitors_out_of_business, shop,
          wad_floor_pattern_untrapped, chequers_serial_rivers_small_b,
          uniq_jessica, uniq_sigmund

Skill      XL: |  1  2 |
---------------+-------+-----
Fighting       | 4 |  4.4
Polearms       | 1 |  1.5
Stealth        | 3 |  3.0
Armour         | 3 |  3.6
Maces & Flails | |  0.3
Throwing       | |  1.0
Dodging        | |  0.7
Shields        | |  1.2

Action                   |  1- 3 |  4- 6 || total
-------------------------+-------+-------++-------
Melee: Spear             |    57 |       ||    57
       Headbutt          |     7 |     1 ||     8
       Whip              |    14 |    19 ||    33
Armor: Ring mail         |    32 |    12 ||    44
Dodge: Dodged            |    46 |    27 ||    73
